[Event "Late-Titled-Tuesday-Blitz-May-07-2024"]
[Site "Chess.com"]
[Date "2024.05.07"]
[Round "5"]
[White "djano"]
[Black "esrosenberg"]
[Result "1-0"]
[WhiteElo "2537"]
[BlackElo "2321"]
[TimeControl "180+1"]
[EndTime "14:54:49 PDT"]
[Termination "djano won by resignation"]

1. Nf3 d5 2. g3 Nd7 3. Bg2 e5 4.
O-O e4 5. Ne1 h5 6. d3 h4 7.
dxe4 hxg3 8. hxg3 dxe4 9. Nc3 Ngf6 10. Nxe4 Nxe4 11. Bxe4 Bd6 12. Kg2 Nf6 13. Bg5 Bh3+ 14.
Kg1 Bxf1 15. Kxf1 c6 16. Qd4 Qe7 17. Bg2 Bc5 18. Qc4 O-O-O 19. b4 Bb6 20. Nd3 Kb8 21. b5 Rd4 22. Qc3 Qe6 23. bxc6 bxc6 24. Rb1 Kc7 25. Rxb6 Rxd3 26. Rxc6+ Kd7 27. Qxd3+ 1-0

[Event "Late-Titled-Tuesday-Blitz-May-07-2024"]
[Site "Chess.com"]
[Date "2024.05.07"]
[Round "5"]
[White "Tibmat"]
[Black "picturesquecheck"]
[Result "1-0"]
[WhiteElo "2683"]
[BlackElo "2452"]
[TimeControl "180+1"]
[EndTime "14:54:50 PDT"]
[Termination "Tibmat won by resignation"]

1. c4 Nf6 2. g3 g6 3. Bg2 Bg7 4. Nc3 O-O 5. e4 d6 6. Nge2 c5 7. O-O Nc6 8. d3 Bg4 9. h3 Bxe2 10. Nxe2 Nd7 11. Rb1 a6 12. Be3 Rc8 13. Qd2 b5 14.
Bh6 b4 15. Bxg7 Kxg7 16. f4 e6 17. Kh2 Kg8 18. h4 Nf6 19. Bf3 d5 20. cxd5 exd5 21. e5 Ne8 22. d4 c4 23. f5 c3 24. bxc3 bxc3 25. Nxc3 Qa5 26. Rb3 Ng7 27. fxg6 hxg6 28. Bxd5 Nf5 29. Rxf5 gxf5 30. Qg5+ Kh7 31. Qxf5+ Kg7 32.
Qf6+ Kh7 33. Bxc6 Qd8 34. Be4+ Kg8 35. Qf5 1-0

[Event "Late-Titled-Tuesday-Blitz-May-07-2024"]
[Site "Chess.com"]
[Date "2024.05.07"]
[Round "5"]
[White "Axf7"]
[Black "ImportedItalianMaple"]
[Result "0-1"]
[WhiteElo "2044"]
[BlackElo "2533"]
[TimeControl "180+1"]
[EndTime "14:54:50 PDT"]
[Termination "ImportedItalianMaple won on time"]

1. e4 g6 2. d4 Bg7 3. Nc3 d5 4. e5 f6 5. f4 Nh6 6. Nf3 Bg4 7. Be3 O-O 8. Be2 c5 9. dxc5 e6 10. exf6 Bxf6 11. O-O Nf5 12. Bf2 Nc6 13. h3 Bxf3 14. Bxf3 Qa5 15. Rb1 Rad8 16. a3 Bxc3 17. bxc3 Rf7 18.
Qd2 Rdd7 19. g4 Nfe7 20. Bd4 Qc7 21. Bg2 Na5 22. Qe3 Nc4 23. Qxe6 Nd2 24. Rbe1 Nxf1 25.
Rxf1 Qc6 26. Qe5 Kf8 27. Re1 Qc7 28. Qh8+ Ng8 0-1

[Event "Late-Titled-Tuesday-Blitz-May-07-2024"]
[Site "Chess.com"]
[Date "2024.05.07"]
[Round "5"]
[White "maracayo"]
[Black "yuriydovzik"]
[Result "1-0"]
[WhiteElo "2370"]
[BlackElo "2140"]
[TimeControl "180+1"]
[EndTime "14:54:54 PDT"]
[Termination "maracayo won on time"]

1. e4 c6 2. Nf3 g6 3. d4 Na6 4. c3 Nc7 5. g3 d5 6. Nbd2 h5 7. Bg2 Bh6 8. Ne5 Nf6 9. h3 Nd7 10. O-O Nxe5 11. dxe5 e6 12. Qe2 b6 13. exd5 Ba6 14.
c4 cxd5 15. b3 O-O 16. Ne4 Bxc1 17. Nf6+ Kg7 18. Raxc1 dxc4 19. Rfd1 cxb3 20. Qe3 Nd5 21. Bxd5 exd5 22. Rxd5 b2 23. Rxd8 bxc1=Q+ 24. Qxc1 Raxd8 25. Qg5 1-0

[Event "Late-Titled-Tuesday-Blitz-May-07-2024"]
[Site "Chess.com"]
[Date "2024.05.07"]
[Round "5"]
[White "Onthequiet"]
[Black "wannabe2700"]
[Result "0-1"]
[WhiteElo "2397"]
[BlackElo "2560"]
[TimeControl "180+1"]
[EndTime "14:54:55 PDT"]
[Termination "wannabe2700 won by resignation"]

1. Nf3 a5 2. g3 Ra6 3. Bg2 Rf6 4. b3 Rxf3 5. Bxf3 e5 6. c4 g6 7. Bb2 Bg7 8. Qc2 Ne7 9. h4 h6 10. h5 g5 11. Nc3 O-O 12. e3 c6 13. O-O-O d5 14.
d4 exd4 15. Ne2 Bf5 16. e4 dxe4 17. Bxe4 Bxe4 18. Qxe4 c5 19. Qxb7 a4 20. f4 Nbc6 21. Qb5 axb3 22. axb3 Qd6 23. fxg5 Rb8 24. Qa4 hxg5 25.
Kb1 Qe6 26. Nc1 Nb4 27. Rde1 Qf5+ 28. Ka1 Nec6 29. h6 Nc2+ 30. Ka2 N6b4+ 31. Qxb4 Nxb4+ 0-1

[Event "Late-Titled-Tuesday-Blitz-May-07-2024"]
[Site "Chess.com"]
[Date "2024.05.07"]
[Round "5"]
[White "oskariot"]
[Black "FabianoCaruana"]
[Result "0-1"]
[WhiteElo "2756"]
[BlackElo "3079"]
[TimeControl "180+1"]
[EndTime "14:54:56 PDT"]
[Termination "FabianoCaruana won by checkmate"]

1. e4 c5 2. Nf3 Nc6 3. b4 cxb4 4. d4 d5 5. exd5 Qxd5 6. c4 bxc3 7. Nxc3 Qa5 8. Rb1 e6 9. Bd2 Qd8 10. Bd3 Nf6 11.
O-O Be7 12. Qe2 O-O 13. Ne4 Nd5 14. Rfc1 a5 15. Nc5 Ncb4 16. Bxb4 axb4 17. Ne5 Bf6 18. Ne4 Bxe5 19. dxe5 Nf4 20. Qg4 Nxd3 21. Rd1 Nxe5 22. Qg3 Qa5 23. Nf6+ Kh8 24. Rd5 Qxa2 25. Re1 exd5 26.
Qxe5 Qd2 27. Ne8 Qc3 28. Qe7 Rg8 29. Nd6 h6 30. Nxf7+ Kh7 31. Ng5+ hxg5 32. Qxg5 Qxe1# 0-1

[Event "Late-Titled-Tuesday-Blitz-May-07-2024"]
[Site "Chess.com"]
[Date "2024.05.07"]
[Round "5"]
[White "CombativeWombat"]
[Black "gxbg2000"]
[Result "0-1"]
[WhiteElo "2335"]
[BlackElo "2053"]
[TimeControl "180+1"]
[EndTime "14:55:01 PDT"]
[Termination "gxbg2000 won on time"]

1. e4 e5 2. Bc4 c6 3. Nf3 d6 4.
d4 exd4 5. Qxd4 Qf6 6. Nc3 Qxd4 7. Nxd4 Nf6 8. Bf4 b5 9. Bd3 Bb7 10. O-O-O Nbd7 11. Nf5 Ne5 12. Bg3 g6 13. Ne3 h5 14. Bh4 Bg7 15. Be2 Rd8 16. f4 Neg4 17.
Bxg4 hxg4 18. Bxf6 Bxf6 19. Nxg4 Bxc3 20. bxc3 Ke7 21. Rhe1 a5 22. e5 d5 23. h3 Bc8 24.
Nf2 Rh4 25. Nd3 Rg8 26. Re3 g5 27. g3 Rxh3 28. Rde1 gxf4 29. gxf4 Rxe3 30. Rxe3 Bf5 31.
Kb2 Rg2 32. a3 a4 33. Nb4 Kd7 34. Nd3 Kc7 35. Re1 Bxd3 0-1

[Event "Late-Titled-Tuesday-Blitz-May-07-2024"]
[Site "Chess.com"]
[Date "2024.05.07"]
[Round "5"]
[White "Olkaa"]
[Black "Licancabur"]
[Result "1-0"]
[WhiteElo "2629"]
[BlackElo "2488"]
[TimeControl "180+1"]
[EndTime "14:55:04 PDT"]
[Termination "Olkaa won on time"]

1. e4 Nf6 2. e5 Nd5 3. c4 Nb6 4. d4 d6 5. exd6 cxd6 6. Nc3 g6 7. Be3 Bg7 8. Rc1 O-O 9. b3 e5 10. dxe5 dxe5 11. Qxd8 Rxd8 12. c5 N6d7 13. Bc4 Nc6 14. Nf3 h6 15. O-O Na5 16. Be2 Nf8 17. Rfd1 Bf5 18.
Nb5 Nc6 19. Nd6 Rd7 20. Bb5 Rad8 21. Re1 a6 22. Ba4 Be6 23. Nxb7 Rxb7 24. Bxc6 Rc7 25. Ba4 f5 26. c6 e4 27. Bb6 Rdc8 28. Nd4 Bxd4 29.
Bxd4 Bd5 30. Bb6 Re7 31. Red1 Bf7 32. c7 Ne6 33. Rd8+ Nxd8 34. cxd8=Q+ Rxd8 35. Bxd8 Re5 36. Bf6 1-0

[Event "Late-Titled-Tuesday-Blitz-May-07-2024"]
[Site "Chess.com"]
[Date "2024.05.07"]
[Round "5"]
[White "Mischuk_D"]
[Black "Temirlan_Baltabaev"]
[Result "1/2-1/2"]
[WhiteElo "2810"]
[BlackElo "2577"]
[TimeControl "180+1"]
[EndTime "14:55:05 PDT"]
[Termination "Game drawn by repetition"]

1. d4 d5 2. c4 c6 3. Nf3 Nf6 4. g3 g6 5. Bg2 Bg7 6. O-O O-O 7. Qb3 Qb6 8. Nc3 Qxb3 9. axb3 Bf5 10. Bf4 e6 11.
Rfc1 Nbd7 12. h3 Be4 13. Nxe4 Nxe4 14. g4 a6 15. e3 Rac8 16. Rd1 Rfe8 17. Nd2 Nxd2 18.
Rxd2 f5 19. Rc1 Nf6 20. Rdc2 Rcd8 21. f3 Kf7 22. Bf1 h5 23. g5 Nd7 24. Kf2 e5 25. dxe5 Nxe5 26. Bxe5 Bxe5 27. f4 Bb8 28. cxd5 cxd5 29. Kf3 d4 30. exd4 Rxd4 31. Rc4 Ree4 32. Rxd4 Rxd4 33. Rc4 Rxc4 34. Bxc4+ Ke7 35. Bd5 b6 36.
Bb7 a5 37. Bc6 Bd6 38. Ke3 Bc5+ 39. Ke2 Bd6 40. Kf3 Bc5 41. Bb5 Bd4 42. Ba4 Bxb2 43. Ke2 Bc1 44. Kf3 Bd2 45. Bb5 Bc1 46. Bc6 Bd2 47. Bb5 Bc1 48. Bc4 Bd2 49. Bd5 b5 50.
Bc6 b4 51. Bb5 Bc1 52. Ba4 Bd2 53. Bb5 Bc1 54. Bc6 Bd2 55. Bd5 Bc1 56. Bc4 Bd2 57. Bd3 Bc1 58. Be2 Bd2 59. Bb5 1/2-1/2

[Event "Late-Titled-Tuesday-Blitz-May-07-2024"]
[Site "Chess.com"]
[Date "2024.05.07"]
[Round "5"]
[White "balack95"]
[Black "cthake"]
[Result "1-0"]
[WhiteElo "2508"]
[BlackElo "1862"]
[TimeControl "180+1"]
[EndTime "14:55:07 PDT"]
[Termination "balack95 won on time"]

1. Nf3 Nf6 2. b3 g6 3. Bb2 Bg7 4. g3 d5 5. Bg2 c6 6. O-O O-O 7. d3 Bg4 8. Nbd2 Bxf3 9. Nxf3 Nbd7 10. a4 Re8 11. a5 e5 12. a6 b6 13. c4 Rc8 14. b4 Nh5 15. Qb3 e4 16. Ne1 Bxb2 17. Qxb2 Qf6 18. Qxf6 Nhxf6 19. Nc2 exd3 20. exd3 Re2 21.
Nd4 Rb2 22. Rfb1 Rxb1+ 23. Rxb1 Ne5 24. Bf1 dxc4 25. dxc4 Rd8 26. Nc2 Rd2 27. Ne3 Ne4 28. Bg2 Nxf2 29. c5 b5 30. Ra1 Rb2 31. Nd1 Nxd1 32.
Rxd1 Rxb4 33. Rd8+ Kg7 34. Ra8 Ra4 35. Rxa7 b4 36. Bf1 b3 37. Rb7 Nf3+ 38. Kf2 Nd2 39. Bd3 Ra2 40. Ke3 Kf6 41. a7 h5 42. Rc7 b2 43.
Rxc6+ Ke5 44. Rb6 Rxa7 45. Kxd2 Ra2 46. Bb1 1-0

[Event "Late-Titled-Tuesday-Blitz-May-07-2024"]
[Site "Chess.com"]
[Date "2024.05.07"]
[Round "5"]
[White "Annawel"]
[Black "ChessicallyInclined"]
[Result "1-0"]
[WhiteElo "3002"]
[BlackElo "2730"]
[TimeControl "180+1"]
[EndTime "14:55:09 PDT"]
[Termination "Annawel won by resignation"]

1. Nf3 d5 2. b3 Bf5 3. Bb2 e6 4. g3 Nf6 5. Bg2 Be7 6. O-O O-O 7. d3 h6 8. Nbd2 Nbd7 9. Re1 c6 10. e4 Bh7 11.
Ne5 Nxe5 12. Bxe5 Nd7 13. Bb2 a5 14. a4 dxe4 15. dxe4 Bf6 16. e5 Be7 17. Qe2 Bxc2 18. h4 Nc5 19. Ba3 Nxb3 20. Nxb3 Bxb3 21. Reb1 Bd5 22. Rxb7 Bxa3 23. Rxa3 c5 24. Rb5 Bxg2 25. Kxg2 Qd5+ 26. Kh2 Rfb8 27. Rd3 Qc6 28. Rd6 Qc7 29. Qe4 Rxb5 30. axb5 Rb8 31. Qc4 Rb6 32. Qd3 Rb8 33. Qc4 Rb6 34. Qd3 Rb8 35. b6 Qb7 36. Qb5 Qf3 37.
Qxc5 a4 38. Rd2 a3 39. Qc7 Rb7 40. Qc8+ Kh7 41. Qc2+ g6 42. Qc5 Qb3 43. h5 a2 44.
hxg6+ Kxg6 45. Qd4 Rxb6 46. Qg4+ Kh7 47. Rd8 1-0

[Event "Late-Titled-Tuesday-Blitz-May-07-2024"]
[Site "Chess.com"]
[Date "2024.05.07"]
[Round "5"]
[White "PapaieDudu"]
[Black "JG-17"]
[Result "0-1"]
[WhiteElo "2356"]
[BlackElo "2560"]
[TimeControl "180+1"]
[EndTime "14:55:10 PDT"]
[Termination "JG-17 won by resignation"]

1. Nf3 c5 2. e4 d6 3. d4 cxd4 4.
Nxd4 Nf6 5. Nc3 g6 6. f3 Nc6 7.
Be3 h5 8. Qd2 Nxd4 9. Bxd4 Bh6 10. f4 e5 11. Be3 Ng4 12. g3 Nxe3 13. Qxe3 exf4 14. gxf4 Qh4+ 15. Qg3 Qxf4 16. Bb5+ Kf8 17. Rd1 Bg4 18. Rd3 Kg7 19. Rf1 Qc1+ 20. Nd1 Qxc2 21.
Rf2 Qc5 22. Rd5 Qc1 23. Rd3 Rae8 24. Bxe8 Rxe8 25. Qg2 d5 26. Rc2 Rxe4+ 27. Qxe4 dxe4 28. Rxc1 exd3 29. Rc7 d2+ 30. Kf2 Bxd1 0-1

[Event "Late-Titled-Tuesday-Blitz-May-07-2024"]
[Site "Chess.com"]
[Date "2024.05.07"]
[Round "5"]
[White "Jospem"]
[Black "RuperezA"]
[Result "0-1"]
[WhiteElo "2980"]
[BlackElo "2650"]
[TimeControl "180+1"]
[EndTime "14:55:11 PDT"]
[Termination "RuperezA won by checkmate"]

1. e4 e6 2. d4 d5 3. exd5 exd5 4. Nf3 Bd6 5. c4 Nf6 6. Nc3 O-O 7. c5 Be7 8. h3 b6 9. cxb6 axb6 10. Bd3 c5 11. O-O Nc6 12. Be3 h6 13. Re1 Be6 14. Bb5 Rc8 15. Ba6 Rb8 16. a3 c4 17. Bb5 Na7 18. Ba4 b5 19. Bc2 Nc6 20. Bf4 Rb7 21.
Qd2 b4 22. axb4 Rxb4 23. Bxh6 Rxb2 24. Bxg7 Rxc2 25. Qxc2 Kxg7 26. Qd2 Rh8 27. Ra6 Qc8 28.
Rb6 Bd8 29. Rb5 Bxh3 30. Ne5 Nxe5 31. dxe5 Qg4 32. f3 Qg3 33. exf6+ Bxf6 34. Rxd5 Be6 35. Rxe6 fxe6 36. Rd7+ Kg6 37. Qc2+ Kh6 38. Ne4 Qe1+ 39. Kh2 Be5+ 40. f4 Bxf4+ 41. g3 Kg6+ 42. Kg2 Qh1+ 43. Kf2 Rh2# 0-1

[Event "Late-Titled-Tuesday-Blitz-May-07-2024"]
[Site "Chess.com"]
[Date "2024.05.07"]
[Round "5"]
[White "GMKrikor"]
[Black "manmanlai1"]
[Result "1-0"]
[WhiteElo "2835"]
[BlackElo "2581"]
[TimeControl "180+1"]
[EndTime "14:55:11 PDT"]
[Termination "GMKrikor won by resignation"]

1. Nf3 e6 2. c4 f5 3. g3 Nf6 4. Bg2 d5 5. O-O Bd6 6. d3 c6 7. Nc3 e5 8. cxd5 cxd5 9. Bg5 d4 10. Nb5 Nc6 11. Nxd6+ Qxd6 12. Nd2 Be6 13. Qa4 O-O 14. Rfc1 Rfc8 15. Nc4 Bxc4 16. Rxc4 Nd7 17. Qb5 Rc7 18.
Rac1 Rac8 19. Qd5+ Qxd5 20. Bxd5+ Kh8 21. Be6 Rf8 22. b4 a6 23. R4c2 Nb6 24. Bb3 Rd7 25. Bd2 Nd5 26. a3 h6 27. Rc5 Rfd8 28. Kg2 Kh7 29. h4 g6 30. b5 axb5 31. Rxb5 Kg7 32. Bxd5 Na7 33. Rxb7 1-0

[Event "Late-Titled-Tuesday-Blitz-May-07-2024"]
[Site "Chess.com"]
[Date "2024.05.07"]
[Round "5"]
[White "GMRafpig"]
[Black "Sanan_Sjugirov"]
[Result "0-1"]
[WhiteElo "2733"]
[BlackElo "3025"]
[TimeControl "180+1"]
[EndTime "14:55:17 PDT"]
[Termination "Sanan_Sjugirov won by resignation"]

1. c4 Nf6 2. Nc3 e5 3. Nf3 Nc6 4. e4 h6 5. Be2 d6 6. h3 Nd4 7.
O-O g6 8. d3 Nxf3+ 9. Bxf3 Bg7 10. Be3 O-O 11. Qd2 Kh7 12. Kh2 Be6 13. g3 Nd7 14.
Bg2 c6 15. f4 f5 16. exf5 Bxf5 17. d4 exf4 18. Rxf4 Nf6 19. Raf1 Qe7 20. g4 Bd7 21. R4f2 Rae8 22. Bf4 Bxg4 23. hxg4 Nxg4+ 24. Kg1 Nxf2 25. Rxf2 Qh4 26. Be3 Rxe3 27. Rxf8 Re1+ 28. Bf1 Bxf8 0-1

[Event "Late-Titled-Tuesday-Blitz-May-07-2024"]
[Site "Chess.com"]
[Date "2024.05.07"]
[Round "5"]
[White "imdvb6307"]
[Black "NovakRatko"]
[Result "1-0"]
[WhiteElo "2507"]
[BlackElo "2406"]
[TimeControl "180+1"]
[EndTime "14:55:18 PDT"]
[Termination "imdvb6307 won on time"]

1. d4 d5 2. Nf3 c5 3. c4 cxd4 4.
cxd5 Qxd5 5. Nc3 Qa5 6. Nxd4 e5 7. Nb3 Qc7 8. Bd2 Nf6 9. Rc1 Nc6 10. g3 Bb4 11. Bg2 O-O 12. O-O Rd8 13. Qc2 Qe7 14. Bg5 Bxc3 15. Qxc3 h6 16. Bxf6 Qxf6 17. e3 Be6 18.
Nc5 Rac8 19. Qa3 Qe7 20. Nxe6 Qxe6 21. Rfd1 Rxd1+ 22. Rxd1 a6 23. Bd5 Qf6 24. Qb3 Na5 25. Qb4 1-0

[Event "Late-Titled-Tuesday-Blitz-May-07-2024"]
[Site "Chess.com"]
[Date "2024.05.07"]
[Round "5"]
[White "Veleamater"]
[Black "HipsterChess22"]
[Result "1-0"]
[WhiteElo "2432"]
[BlackElo "2220"]
[TimeControl "180+1"]
[EndTime "14:55:20 PDT"]
[Termination "Veleamater won on time"]

1. g3 d5 2. Bg2 e5 3. d3 c6 4.
Nf3 Bd6 5. O-O f5 6. e4 Nf6 7. exd5 cxd5 8. Nxe5 O-O 9. Nf3 Nc6 10. Nc3 d4 11. Ne2 Bc5 12. Nf4 Re8 13. a3 a5 14.
Re1 Bd7 15. Bd2 Qb6 16. b3 Rxe1+ 17. Qxe1 Re8 18. Qd1 Ne5 19. Nxe5 Rxe5 20. Nh5 Re8 21.
Bf4 Nxh5 22. Qxh5 Bd6 23. Bd5+ Kh8 24. Bf7 Re7 25. Bg6 h6 26. Bd2 Qd8 27. Re1 Rxe1+ 28. Bxe1 Qe7 29. Bd2 f4 30. a4 b6 31. Be4 Be8 32.
Qf5 g6 33. Qd5 Bc5 34. Bxf4 Bf7 35. Qe5+ Qxe5 36. Bxe5+ Kg8 37. f4 h5 38. Kg2 Kf8 39. h3 Ke7 40. g4 hxg4 41. hxg4 Bd6 42. Bxd4 Bxf4 43. Bxb6 Bd2 44. d4 Bc3 45. Kf3 g5 46. Bc5+ Kd7 47. d5 1-0

[Event "Late-Titled-Tuesday-Blitz-May-07-2024"]
[Site "Chess.com"]
[Date "2024.05.07"]
[Round "5"]
[White "GothamChess"]
[Black "Zhigalko_Sergei"]
[Result "1-0"]
[WhiteElo "2715"]
[BlackElo "2876"]
[TimeControl "180+1"]
[EndTime "14:55:21 PDT"]
[Termination "GothamChess won on time"]

1. e4 c5 2. a3 Nf6 3. e5 Nd5 4. Bc4 e6 5. Nf3 Nc6 6. O-O Nde7 7. c3 d5 8. exd6 Qxd6 9. d4 cxd4 10. cxd4 Nd5 11.
Nbd2 Be7 12. Ne4 Qd8 13. Re1 O-O 14. Qd3 h6 15. Ne5 Nxe5 16. dxe5 Nb6 17. Qg3 Nxc4 18. Bxh6 g6 19. Rad1 Qa5 20. Bg5 Qxe5 21. Bxe7 Qxg3 22. hxg3 f5 23. Bxf8 Kxf8 24. Ng5 Ke7 25.
Rc1 Nxb2 26. Rc7+ Kd6 27. Rc2 Na4 28. Rd1+ Ke7 29. Rc7+ Kf6 30. f4 Bd7 31. Rdxd7 1-0

[Event "Late-Titled-Tuesday-Blitz-May-07-2024"]
[Site "Chess.com"]
[Date "2024.05.07"]
[Round "5"]
[White "wild3000"]
[Black "Stanbad1"]
[Result "0-1"]
[WhiteElo "2483"]
[BlackElo "2626"]
[TimeControl "180+1"]
[EndTime "14:55:23 PDT"]
[Termination "Stanbad1 won by checkmate"]

1. e4 e6 2. Nf3 d5 3. e5 Bd7 4. a3 c5 5. b4 cxb4 6. d4 Nc6 7. axb4 Nxb4 8. c3 Nc6 9. Bd3 Nge7 10. Na3 Nf5 11.
h4 Be7 12. h5 a6 13. g4 Nh4 14. Nxh4 Bxh4 15. Kf1 h6 16. Be3 Bg5 17. f4 Be7 18. Kg2 b5 19. Nc2 O-O 20. g5 hxg5 21. h6 g6 22. h7+ Kh8 23. Qg4 f5 24. exf6 Bxf6 25. Qg3 Bg7 26. fxg5 e5 27. Bxg6 e4 28. Raf1 Qe7 29. Bf4 Qe6 30. Rh6 Bxh6 31. gxh6 Rf6 32.
Bf5 Qf7 33. Qg7+ Qxg7+ 34. hxg7+ Kxg7 35. Bxd7 Kxh7 36. Ne3 Ne7 37. Rh1+ Kg8 38. Be5 Rg6+ 39. Kf2 Rf8+ 40. Ke2 Rf3 41. Be8 Kf8 42. Rh8+ Rg8 43.
Rxg8+ Nxg8 44. Bh5 Rh3 45. Bg4 Rh4 46. Be6 Ne7 47.
Bxd5 Nxd5 48. Nxd5 a5 49. Bd6+ Ke8 50. Ke3 Kd7 51.
Bc5 Ke6 52. Nf4+ Kf5 53. d5 Rxf4 54. d6 Rf3+ 55. Kd4 Rd3# 0-1

[Event "Late-Titled-Tuesday-Blitz-May-07-2024"]
[Site "Chess.com"]
[Date "2024.05.07"]
[Round "5"]
[White "sammartin99"]
[Black "Nechitaylo_Nikita"]
[Result "1-0"]
[WhiteElo "2239"]
[BlackElo "2333"]
[TimeControl "180+1"]
[EndTime "14:55:23 PDT"]
[Termination "sammartin99 won by checkmate"]

1. d4 Nf6 2. c4 e6 3. Nc3 Bb4 4. a3 Bxc3+ 5. bxc3 O-O 6. f3 b6 7. e4 d6 8. Bd3 Ba6 9. Qe2 Nc6 10. Bg5 e5 11. d5 Na5 12. Nh3 h6 13. Bh4 g5 14.
Bg3 Nd7 15. Nf2 Nc5 16. h4 Nxd3+ 17. Qxd3 Bxc4 18. Qc2 Kg7 19. Ng4 Bb3 20. Qb2 Bc4 21. Ne3 Ba6 22. Nf5+ Kg6 23. hxg5 h5 24. f4 Nc4 25. Qf2 exf4 26. Bxf4 Ne5 27. Bxe5 dxe5 28. Rxh5 Kxh5 29. Qh4+ Kg6 30. Qh6# 1-0

[Event "Late-Titled-Tuesday-Blitz-May-07-2024"]
[Site "Chess.com"]
[Date "2024.05.07"]
[Round "5"]
[White "CarrotsandPizza"]
[Black "GMG"]
[Result "0-1"]
[WhiteElo "2588"]
[BlackElo "2820"]
[TimeControl "180+1"]
[EndTime "14:55:25 PDT"]
[Termination "GMG won by resignation"]

1. e4 c5 2. Nf3 Nc6 3. d4 cxd4 4.
Nxd4 Nf6 5. Nc3 e5 6. Ndb5 d6 7. Bg5 a6 8. Na3 Be6 9. Bxf6 Qxf6 10. Nc4 Qd8 11. Ne3 Be7 12. Ncd5 Bg5 13. Bd3 Ne7 14. Bc4 O-O 15. O-O Rc8 16. Bb3 Nc6 17.
c3 Na5 18. Qd3 Nxb3 19. axb3 g6 20. b4 Bh6 21. Nc4 f5 22. Nxd6 fxe4 23. Qd1 Rc6 24. Nxe4 Bxd5 25. Qc2 Qh4 26. Rae1 Rf4 27. g3 Rxe4 28.
Rd1 Qh3 29. Rxd5 Rh4 30. gxh4 Qg4+ 31. Kh1 Qf3+ 32. Kg1 Qxd5 33. Rd1 Qe6 34. Qd3 Bf8 35. Qd8 Rd6 36. Rxd6 Qxd6 37. Qc8 Qd1+ 38. Kg2 Qd5+ 39. Kg1 Qc6 40. Qd8 Kf7 41. Qg5 Qe6 42. h5 gxh5 43. Kf1 Qc4+ 44. Kg1 Qg4+ 0-1

[Event "Late-Titled-Tuesday-Blitz-May-07-2024"]
[Site "Chess.com"]
[Date "2024.05.07"]
[Round "5"]
[White "rynos0411"]
[Black "NCchamp"]
[Result "1-0"]
[WhiteElo "2542"]
[BlackElo "2270"]
[TimeControl "180+1"]
[EndTime "14:55:27 PDT"]
[Termination "rynos0411 won on time"]

1. e4 c5 2. Nf3 Nc6 3. d4 cxd4 4. Nxd4 Nf6 5. Nc3 d6 6. f3 e5 7. Nb3 Be7 8. Be3 O-O 9. Qd2 a5 10. Nd5 Nxd5 11. exd5 Nb8 12. c4 b6 13. Bd3 f5 14. O-O Nd7 15. f4 a4 16. Nc1 Nc5 17. Ne2 Bf6 18. fxe5 Bxe5 19. Nd4 g6 20. Rae1 Qh4 21.
Nf3 Qf6 22. Nxe5 dxe5 23. Bxc5 bxc5 24. Qe3 e4 25. Be2 Qd4 26. Bd1 Rb8 27. Rf2 Bd7 28.
Rd2 Qxe3+ 29. Rxe3 Rfc8 30. g3 Kg7 31. h4 Kf6 32.
Kf2 Ke5 33. Ra3 Rb4 34. b3 axb3 35. axb3 Rcb8 36. Ra7 Kd6 37. Ra6+ Ke5 38. Ke3 R8b6 39. Ra7 Rb7 40. Rda2 h6 41. Rxb7 Rxb7 42. Ra6 g5 43.
hxg5 hxg5 44. Rg6 f4+ 45. Kd2 f3 46. Ke3 g4 47. Rg5+ Kd6 48. Rg6+ Ke5 49. Rg5+ Kf6 50. Rh5 Ra7 51. Kxe4 Ra3 52. Rh6+ Kg7 53. Rd6 1-0

[Event "Late-Titled-Tuesday-Blitz-May-07-2024"]
[Site "Chess.com"]
[Date "2024.05.07"]
[Round "5"]
[White "kingofthenil"]
[Black "bazar-wokzal"]
[Result "0-1"]
[WhiteElo "2846"]
[BlackElo "2600"]
[TimeControl "180+1"]
[EndTime "14:55:30 PDT"]
[Termination "bazar-wokzal won on time"]

1. d4 Nf6 2. Bg5 e6 3. e4 h6 4.
Bxf6 Qxf6 5. c3 d5 6. e5 Qg6 7. Nd2 c5 8. f4 Nc6 9. Ngf3 cxd4 10. cxd4 Bb4 11. a3 Ba5 12. Bb5 Qxg2 13. Rg1 Bxd2+ 14. Qxd2 Qxf3 15. Rxg7 Qh1+ 16. Bf1 Qe4+ 17. Be2 Nxd4 18. Rg3 Nc2+ 19. Kf2 Nxa1 20. Rc3 Rg8 21. Bf3 Qg6 22.
Qc1 Bd7 23. Qxa1 Rc8 24. Rc1 Rxc1 25. Qxc1 Bc6 26. b4 a6 27. a4 Kf8 28. b5 axb5 29.
axb5 Be8 30. b6 Kg7 31. Qc7 Kh8 32. Qc1 Bc6 33. f5 exf5 34. Qa1 Kh7 35. Qc1 Qg5 36. Qc2 Qg1+ 37. Ke2 Bb5+ 38. Kd2 Qf2+ 39. Kc1 Rg1+ 40. Kb2 Qxf3 41. Qxf5+ Qxf5 0-1

[Event "Late-Titled-Tuesday-Blitz-May-07-2024"]
[Site "Chess.com"]
[Date "2024.05.07"]
[Round "5"]
[White "Reyson01"]
[Black "koziororo"]
[Result "1-0"]
[WhiteElo "2513"]
[BlackElo "2581"]
[TimeControl "180+1"]
[EndTime "14:55:30 PDT"]
[Termination "Reyson01 won by resignation"]

1. e4 f6 2. d4 Kf7 3. Nf3 g6 4. h4 Kg7 5. h5 e6 6. e5 Be7 7.
hxg6 hxg6 8. Rxh8 Kxh8 9. exf6 Bxf6 10. Bd3 Ne7 11. Bg5 Nf5 12. Qd2 Nc6 13. Nc3 Ncxd4 14. Bxf6+ Qxf6 15. Nxd4 Qxd4 16. O-O-O b5 17. Nxb5 Qg7 18.
Rh1+ Kg8 19. Bxf5 gxf5 20. Rh3 Rb8 21. Rg3 Rxb5 22. Rxg7+ Kxg7 23. Qg5+ Kf7 24. Qd8 Rb8 25. Qxc7 Ra8 26. f4 a5 27. a4 Ke7 28. c4 Ba6 29. c5 Ke8 30. Qd6 Bb7 31. g3 Bc6 32. Qd4 Rb8 33. Qh8+ Kf7 34. Qxb8 Bxa4 35. Qa7 Bc6 1-0

[Event "Late-Titled-Tuesday-Blitz-May-07-2024"]
[Site "Chess.com"]
[Date "2024.05.07"]
[Round "5"]
[White "scandalgod"]
[Black "MKlose11"]
[Result "1-0"]
[WhiteElo "2523"]
[BlackElo "2665"]
[TimeControl "180+1"]
[EndTime "14:55:31 PDT"]
[Termination "scandalgod won by resignation"]

1. d4 Nf6 2. c4 c5 3. d5 b5 4. cxb5 a6 5. Nc3 g6 6. e4 d6 7. a4 Bg7 8. Nf3 O-O 9. Be2 axb5 10. Bxb5 Ba6 11. Bf4 Nbd7 12. O-O Qb6 13. Re1 Bxb5 14. Nxb5 Nh5 15. Bg5 Rfe8 16. Nd2 Qb7 17. Nc4 Nb6 18. Nxb6 Qxb6 19. Ra2 Nf6 20. b3 Nd7 21. h3 h6 22.
Be3 Qa5 23. Bd2 Qb6 24. Qe2 Reb8 25. Rc2 Qd8 26. Bc3 Rb7 27. Bxg7 Kxg7 28. f4 f6 29. Rf1 Rab8 30. Rc3 Qa5 31. Rg3 Nf8 32. e5 f5 33.
exd6 exd6 34. Nxd6 Rd7 35. Qe5+ Kh7 36. Ne8 Rxe8 37.
Qxe8 Qd8 38. Qxd8 Rxd8 39. Rd3 Kg7 40. Rc1 Nd7 41. d6 Kf6 42. Re1 Rb8 43. Re7 Nb6 44.
Rc7 c4 45. bxc4 Nxa4 46. c5 Rb1+ 47. Kh2 Rc1 48. d7 Nxc5 49. Rxc5 1-0

[Event "Late-Titled-Tuesday-Blitz-May-07-2024"]
[Site "Chess.com"]
[Date "2024.05.07"]
[Round "5"]
[White "FredddieCroderg"]
[Black "JaackCamel"]
[Result "1-0"]
[WhiteElo "2415"]
[BlackElo "2208"]
[TimeControl "180+1"]
[EndTime "14:55:32 PDT"]
[Termination "FredddieCroderg won by resignation"]

1. e4 e6 2. d4 d5 3. exd5 exd5 4.
Bd3 Nf6 5. Nf3 Bd6 6. O-O O-O 7. Bg5 Bg4 8. c3 c6 9. Nbd2 Nbd7 10. Qc2 Qc7 11.
Rfe1 Rae8 12. Bh4 Bh5 13. Bg3 Bg6 14. Nf1 Bxd3 15. Qxd3 Ne4 16. Bxd6 Qxd6 17. Ng3 Ndf6 18. Ne5 Nxg3 19. hxg3 Ne4 20. Re2 f6 21. Nf3 Qb8 22.
Rae1 Nd6 23. Re7 Rxe7 24. Rxe7 a6 25. Qe3 Ne4 26. Nd2 Nxd2 27. Qxd2 Re8 28. Qe3 Kf8 29. Re6 Qc8 30. Rxe8+ Qxe8 31. Qxe8+ Kxe8 32. g4 g5 33. g3 Ke7 34. f4 h6 35. Kf2 Kd6 36. Ke3 b5 37.
Kd3 Kc7 38. Kc2 Kb6 39. Kb3 a5 40. Ka3 Ka6 41. Kb3 Kb6 42. a4 Ka6 43. Ka3 Kb6 44. b3 Ka6 45. Kb2 b4 46. cxb4 axb4 47. Kc2 Kb6 48.
Kd3 Ka6 49. Ke3 Kb6 50. Kf3 Ka6 51. Kg2 Kb6 52. Kh3 Ka6 53. Kh2 Kb6 54. Kh1 c5 55. dxc5+ Kxc5 56. Kg2 d4 57. Kf2 d3 58. Ke3 1-0